 Dungeon Crawl Stone Soup version 0.31.0-32-g396128a36d (webtiles) character file.

Game seed: 7093569481089036928

122 ChadusMaximus the Caller (level 5, 0/35 HPs)
             Began as a Barachi Summoner on Mar 16, 2024.
             Slain by Sigmund
             ... wielding a +0 scythe
              (8 damage)
             ... on level 3 of the Dungeon.
             The game lasted 00:02:34 (2521 turns).

ChadusMaximus the Caller (Barachi Summoner)         Turns: 2521, Time: 00:02:35

Health: 0/35       AC:  4    Str:  9    XL:     5   Next: 6%
Magic:  6/10       EV: 12    Int: 17    God:
Gold:   102        SH:  0    Dex: 13    Spells: 4/10 levels left

rFire   . . .        p - +1 dagger (vamp)
rCold   . . .        (no shield)
rNeg    . . .        a - +0 robe
rPois   .            k - +0 helmet
rElec   .            (no cloak)
rCorr   .            j - +0 pair of gloves
SInv    .            (no boots)
Will    .....        (no amulet)
Stlth   ++           (no ring)
HPRegen 0.25/turn    (no ring)
MPRegen 0.12/turn

%: no passive effects
@: inugami summoned, slow
A: amphibious, slowness 1, strong legs 1, +LOS
a: Hop


You were on level 3 of the Dungeon.
You visited 1 branch of the dungeon, and saw 3 of its levels.

You collected 102 gold pieces.

Inventory:

Hand Weapons
 c - a +0 dagger
 f - a +0 dagger
 p - a +1 vampiric dagger (weapon)
Armour
 a - a +0 robe (worn)
 j - a +0 pair of gloves (worn)
 k - a +0 helmet (worn)
Wands
 q - a wand of flame (27)
Scrolls
 d - 2 scrolls of identify {unknown}
 e - a scroll of revelation {unknown}
 g - a scroll of teleportation {unknown}
 i - a scroll of blinking {unknown}
 m - a scroll of noise {unknown}
 o - a scroll of silence {unknown}
Potions
 b - 2 potions of magic
 h - a potion of berserk rage {unknown}
 l - a potion of lignification {unknown}
 n - a potion of degeneration {unknown}


   Skills:
 - Level 2.1 Dodging
 - Level 1.7 Stealth
 + Level 3.4 Spellcasting
 * Level 6.7 Summonings


You had 4 spell levels left.
You knew the following spells:

 Your Spells              Type           Power      Damage    Failure   Level
a - Summon Small Mammal   Summ           100%       N/A       1%          1
b - Call Canine Familiar  Summ           25%        N/A       3%          3
c - Call Imp              Summ           50%        N/A       1%          2

Your spell library contained the following spells:

 Spells                   Type           Power      Damage    Failure   Level
 Summon Blazeheart Golem  Fire/Summ      14%        N/A       38%         4
 Summon Lightning Spire   Summ/Air       14%        N/A       38%         4


Dungeon Overview and Level Annotations

Branches:
Dungeon (3/15)

Altars:
Cheibriados
Makhleb
Uskayaw

Annotations:
D:3 Sigmund


Innate Abilities, Weirdness & Mutations

You are amphibious.
You cover ground slowly.
You can hop short distances.
You have an extended range of vision and can be seen from far away.


Message History

Sigmund is nearby!
You hit Sigmund but do no damage. Sigmund closely misses you.
You hit Sigmund.
Sigmund is lightly wounded.
Casting: Call Imp (safe; 1% risk of failure)
Confirm with . or Enter, or press ? or * to list all spells.
You call for your canine familiar and it appears with a howl!
Sigmund gestures at you while chanting. The magic dart hits you!
Casting: Call Canine Familiar (dangerous; 3% risk of failure)
Confirm with . or Enter, or press ? or * to list all spells.
A tiny devil pulls itself out of the air.
Sigmund barely misses you. Sigmund hits you with a +0 scythe!
Your cerulean imp hits Sigmund but does no damage.
You closely miss Sigmund.
Sigmund is lightly wounded.
Your cerulean imp hits Sigmund with a -2 spear.
Your inugami hits Sigmund. You barely miss Sigmund.
Sigmund is moderately wounded.
Sigmund barely misses you.
Your cerulean imp misses Sigmund.
Your inugami hits Sigmund.
Unknown command.
You hit Sigmund.
You feel better.
Sigmund is heavily wounded.
Sigmund hits you with a +0 scythe!
* * * LOW HITPOINT WARNING * * *
Your cerulean imp closely misses Sigmund.
Your inugami closely misses Sigmund.
You hit Sigmund but do no damage.
Sigmund is heavily wounded.
Your inugami hits Sigmund.
Your cerulean imp hits Sigmund with a -2 spear.
Unknown command.
You closely miss Sigmund.
Sigmund is severely wounded.
Sigmund hits you with a +0 scythe!
You die...
Sigmund begins carving another notch in his scythe.

# ####...#.......# ####
#...........##### ...#
#.#.#.#.......#.#
##.#####.#.#.....#.#<#
#.#.....#.#######.#.#
#.#.##..#.......#.#.##
#.#.#.........#5#....#
#...###.#####.#@###..#
########+###...#@h.#..#
.### #.......#####.####
...###.............#
...._###......######
...###......#.# .###
#........# ##
#<.....### ########


You could see Sigmund (ally target), a friendly cerulean imp (summoned) and a
friendly inugami (summoned).

Vanquished Creatures
  Jessica (D:2)
  An orc (D:3)
  4 bats
  2 endoplasms
  2 giant cockroaches (D:1)
  3 goblins
  2 hobgoblins (D:1)
  A jackal (D:2)
  2 kobolds (D:1)
  A quokka (D:1)
  4 ball pythons
  A frilled lizard (D:1)
  4 rats
28 creatures vanquished.

Vanquished Creatures (collateral kills)
  Robin (D:2)
  An adder (D:2)
  2 orcs (D:3)
  A bat (D:1)
  An endoplasm (D:2)
  2 giant cockroaches (D:1)
  2 hobgoblins
  6 jackals
  3 quokkas
  A frilled lizard (D:1)
  10 goblins
  6 kobolds
  2 rats
38 creatures vanquished.

Grand Total: 66 creatures vanquished

Notes
Turn   | Place    | Note
-------+----------+-------------------------------------------
     0 | D:1      | ChadusMaximus the Barachi Summoner began the quest for the
                  | Orb.
     0 | D:1      | Reached XP level 1. HP: 13/13 MP: 3/3
    84 | D:1      | Reached skill level 5 in Summonings
   184 | D:1      | Reached XP level 2. HP: 8/19 MP: 1/5
   680 | D:1      | Reached XP level 3. HP: 23/24 MP: 4/7
  1225 | D:2      | Noticed Jessica
  1234 | D:2      | Killed Jessica
  1235 | D:2      | Reached skill level 6 in Summonings
  1235 | D:2      | Reached XP level 4. HP: 22/30 MP: 5/8
  1254 | D:2      | Learned a level 3 spell: Call Canine Familiar
  1257 | D:2      | Learned a level 2 spell: Call Imp
  1342 | D:2      | Noticed Robin
  1377 | D:2      | Killed Robin
  2221 | D:3      | Reached XP level 5. HP: 33/35 MP: 5/10
  2312 | D:3      | Found a hide-covered altar of Uskayaw.
  2316 | D:3      | Found a burning altar of Makhleb.
  2321 | D:3      | Found a snail-covered altar of Cheibriados.
  2509 | D:3      | Noticed Sigmund
  2521 | D:3      | Slain by Sigmund

Illustrated notes

Levels and vault maps discovered:
D:1:      roderic_octagonal_star, layout_loops_ring, serial_bayou,
          serial_bayou_lagoon_a, serial_bayou_lake_a, serial_bayou_lagoon_b,
          serial_bayou_crossing
D:2:      layout_loops_ring, uniq_jessica, uniq_robin
D:3:      lemuel_castle_with_subvaults [lemuel_castle_interior_original],
          layout_basic, minmay_overflow_temple_star_quad, uniq_sigmund

Skill      XL: |  1  2  3 |
---------------+----------+-----
Summonings     | 5 6 |  6.7
Spellcasting   | 3 |  3.4
Dodging        | |  2.1
Stealth        | |  1.7

Action                     |  1- 3 |  4- 6 || total
---------------------------+-------+-------++-------
  Melee: Unarmed           |    12 |       ||    12
         Dagger            |    67 |    82 ||   149
         Punch             |     1 |     2 ||     3
   Cast: Summon Small Mamm |    20 |     2 ||    22
         Call Imp          |       |     8 ||     8
         Call Canine Famil |       |     4 ||     4
   Stab: Sleeping          |     3 |     1 ||     4
         Distracted        |     1 |       ||     1
 Armour: Robe              |    57 |    65 ||   122
  Dodge: Dodged            |    70 |    77 ||   147
